AoeStats
← Maty

Nomad

510015072Analyzed
4v4 RM · 3d ago on Sep 29, 2026· 48m 31s· 8 players
Game mode
Random Map
Map size
231×231
Population
200
Speed
Normal
Resources
Standard
Victory
Conquest
Starting age
Dark Age
Ending age
Imperial Age
RankedLock teamsTeams togetherTeam positionsShared explorationLock speedFull tech treeHidden civsTurbo modeCheats
Victory
Defeat
🇺🇸 Spanish · United States
1612
+11
🇺🇸 Koreans · United States
1592
+12
🇺🇸 Chinese · United States
1484
+16
🇨🇦 Dravidians · Canada
1479
+16
🇬🇹 Dravidians · Guatemala
1539
-15
🇲🇽 Ethiopians · Mexico
1491
-14
🇵🇪 Malians · Peru
1479
-13
🇪🇨 Danes · Ecuador
1473
-13
El Culeco
5:39 Loom
14:26 Feudal Age
15:14 Double-Bit Axe
19:13 Wheelbarrow
18:42 Fletching
21:29 Horse Collar
27:07 Castle Age
27:21 Padded Archer Armor
27:20 Crossbowman
31:21 Leather Archer Armor
34:47 Thumb Ring
43:17 Ballistics
Maty
4:56 Loom
13:19 Feudal Age
14:33 Double-Bit Axe
15:18 Town Watch
15:26 Horse Collar
16:18 Fishing Lines
18:06 Bloodlines
21:09 Castle Age
19:50 Forging
20:21 Scale Barding Armor
23:16 Wheelbarrow
22:52 Bow Saw
22:36 Gillnets
22:27 Light Cavalry
23:08 Husbandry
23:59 Chain Barding Armor
27:09 Hand Cart
35:34 Imperial Age
35:47 Iron Casting
37:22 Plate Barding Armor
39:57 Fletching
40:10 Scale Mail Armor
41:36 Chain Mail Armor
42:35 Blast Furnace
41:45 Heavy Plow
43:00 Onager
45:16 Chemistry
44:23 Siege Engineers
44:41 Conscription
44:19 Hamask
45:43 Siege Onager
47:35 Northmen's Fury
Kaanan
9:18 Loom
11:44 Feudal Age
12:14 Double-Bit Axe
15:10 Fletching
17:27 Horse Collar
26:48 Forging
34:48 Wheelbarrow
40:24 Castle Age
38:20 Fishing Lines
41:03 Gillnets
41:25 Medium Warships
41:31 Medium Warships
42:47 Bow Saw
Sogni
3:52 Loom
14:35 Feudal Age
18:18 Castle Age
17:33 Fletching
17:31 Double-Bit Axe
17:29 Horse Collar
19:13 Medium Warships
18:59 Bodkin Arrow
19:51 Fishing Lines
39:54 Gillnets
43:22 Ballistics
47:17 Imperial Age
47:49 Elite Elephant Archer
48:36 Thumb Ring
The Daunting Knight
3:19 Loom
13:30 Feudal Age
20:01 Double-Bit Axe
21:41 Fishing Lines
23:53 Forging
26:44 Castle Age
27:47 Medium Warships
28:11 Bow Saw
29:16 Gillnets
30:36 Wheelbarrow
34:03 Stone Mining
34:03 Gold Mining
34:46 Horse Collar
35:13 Gold Mining
36:58 Hand Cart
37:24 Heavy Plow
38:05 Gold Shaft Mining
38:05 Stone Shaft Mining
42:51 Imperial Age
41:00 Coinage
42:46 Forging
42:41 Scale Barding Armor
43:18 Bloodlines
43:08 Husbandry
44:15 Banking
44:22 Iron Casting
43:10 Cavalier
43:10 Light Cavalry
44:40 Conscription
44:23 Great Wall
45:27 Chemistry
44:49 Ballistics
44:25 Murder Holes
45:45 Chain Barding Armor
46:56 Blast Furnace
45:47 Fletching
45:57 Padded Archer Armor
46:35 Bombard Tower
46:06 Guard Tower
47:38 Plate Barding Armor
Jaxto
6:54 Loom
13:45 Feudal Age
17:36 Castle Age
17:35 Double-Bit Axe
19:02 Padded Archer Armor
21:05 Medium Warships
27:56 Wheelbarrow
29:12 Horse Collar
33:51 Bloodlines
34:54 Husbandry
38:49 Pikeman
48:34 Imperial Age
Retired SweatLord
3:35 Loom
14:42 Feudal Age
18:25 Castle Age
25:37 Thumb Ring
27:08 Fletching
28:38 Bodkin Arrow
36:19 Wheelbarrow
36:50 Horse Collar
37:48 Gold Mining
37:50 Stone Mining
39:24 Double-Bit Axe
40:30 Bow Saw
40:08 Town Watch
41:32 Hand Cart
42:08 Padded Archer Armor
42:31 Ballistics
47:57 Imperial Age
46:48 Scale Barding Armor
46:54 Forging
47:00 Leather Archer Armor
Thundernips, The Ultimate Gigolo
5:14 Loom
14:07 Feudal Age
15:32 Fishing Lines
16:02 Gold Mining
18:53 Castle Age
18:50 Forging
18:45 Scale Barding Armor
18:58 Light Cavalry
19:54 Husbandry
20:04 Gillnets
21:08 Wheelbarrow
21:20 Iron Casting
21:31 Double-Bit Axe
25:14 Fletching
26:45 Bow Saw
26:44 Bodkin Arrow
26:38 Treadmill Crane
30:14 Imperial Age
28:01 Hand Cart
27:31 Town Watch
31:41 Guilds
32:21 Heavy Rocket Cart
33:35 Horse Collar
36:13 Gold Shaft Mining
36:59 Bracer
36:56 Herbal Medicine
39:15 Chemistry
40:00 Two-Man Saw
39:29 Shinkichon
40:11 Heavy Plow
40:56 Siege Engineers
41:44 Conscription
41:33 Eupseong
41:57 Ballistics
41:48 Masonry
41:26 Arrowslits
41:53 Masonry
41:45 Murder Holes
Connection lost

Rejoining the realm…

Still unreachable

The connection could not be restored.

Session expired

The server has moved on; the page needs a fresh start.